 Dungeon Crawl Stone Soup version 0.29.1-12-g30fa7ad0bf (webtiles) character file.

Game seed: 13935278881353713658

6564 nightchill the Cleaver (level 10, -7/83 HPs)
             Began as a Demonspawn Abyssal Knight on Jan 14, 2023.
             Was an Elder of Lugonu.
             Mangled by an ogre
             ... wielding a +0 giant club
             ... led by Lodul
              (24 damage)
             ... on level 10 of the Dungeon.
             The game lasted 00:21:16 (10287 turns).

nightchill the Cleaver (Demonspawn Abyssal Knight) Turns: 10287, Time: 00:21:17

Health: -7/83      AC: 20    Str: 18    XL:     10   Next: 70%
Magic:  17/17      EV:  7    Int: 12    God:    Lugonu [****..]
Gold:   730        SH:  0    Dex: 13    Spells: 9/9 levels left

rFire   . . .      SeeInvis .   b - +0 battleaxe
rCold   . . .      Faith    +   (shield currently unavailable)
rNeg    . . .      Spirit   .   K - +5 plate armour {Will+}
rPois   .          Reflect  .   P - +0 helmet
rElec   .          Harm     .   (no cloak)
rCorr   .          Rampage  .   u - +0 pair of gloves
Will    +....                   F - +1 pair of boots {Stlth+}
Stlth   ..........              l - amulet of faith
HPRegen 0.23/turn               (no ring)
MPRegen 0.15/turn               (no ring)

@: lethally poisoned (-7 -> -29)
A: repulsion field 1, demonic guardian 2, powered by death 1, demonic touch 1
a: Renounce Religion, Depart the Abyss, Bend Space, Banish, Corrupt


You were on level 10 of the Dungeon.
You worshipped Lugonu.
Lugonu was greatly pleased with you.
You visited 1 branch of the dungeon, and saw 10 of its levels.
You visited the Abyss 1 time.
You also visited: Bailey.

You collected 730 gold pieces.

Inventory:

Hand Weapons
 a - a +2 hand axe of protection
 b - a +0 battleaxe (weapon)
Missiles
 c - 2 throwing nets
Armour
 u - a +0 pair of gloves (worn)
 F - a +1 pair of boots of stealth (worn)
 K - a +5 plate armour of willpower (worn)
 P - a +0 helmet (worn)
Jewellery
 d - an amulet of regeneration
 l - an amulet of faith (around neck)
 y - an amulet of guardian spirit
Wands
 v - a wand of mindburst (11)
 G - a wand of light (7)
 I - a wand of polymorph (8)
 O - a wand of flame (5)
Scrolls
 e - a scroll of poison
 f - a scroll of magic mapping
 g - a scroll of butterflies
 h - a scroll of enchant armour
 n - 2 scrolls of teleportation
 p - a scroll of brand weapon
 q - a scroll of acquirement {unknown}
 r - a scroll of summoning {unknown}
 w - a scroll of amnesia {unknown}
 A - a scroll of enchant weapon
 C - a scroll of torment {unknown}
 D - a scroll of blinking {unknown}
 L - a scroll of noise {unknown}
 M - a scroll of fear {unknown}
 N - 2 scrolls of silence
Potions
 i - 5 potions of invisibility
 j - a potion of curing
 k - 2 potions of lignification
 m - a potion of cancellation
 o - a potion of haste
 t - a potion of magic {unknown}
 x - a potion of mutation
 z - 2 potions of ambrosia
 B - a potion of degeneration {unknown}
 H - a potion of brilliance {unknown}
Miscellaneous
 J - a lightning rod (4/4)


   Skills:
 + Level 9.0 Fighting
 * Level 11.1 Axes
 - Level 1.7 Armour
 - Level 0.8 Dodging
 + Level 10.1 Invocations


You had 9 spell levels left.
You didn't know any spells.
Your spell library contained the following spells:

 Spells                   Type           Power      Damage    Failure   Level
 Apportation              Tloc           0%         N/A       100%        1
 Foxfire                  Conj/Fire      0%         2x1d4     100%        1
 Magic Dart               Conj           0%         1d3       100%        1
 Shock                    Conj/Air       0%         1d3       100%        1
 Slow                     Hex            0%         N/A       100%        1
 Searing Ray              Conj           0%         2d4       100%        2
 Confusing Touch          Hex            0%         N/A       100%        3
 Conjure Flame            Conj/Fire      0%         6-21      100%        3
 Inner Flame              Hex/Fire       0%         N/A       100%        3
 Swiftness                Air            0%         N/A       100%        3
 Vampiric Draining        Necr           0%         2d6       100%        3
 Airstrike                Air            0%         2d(0-16)  100%        4
 Flame Wave               Conj/Fire      0%         2d4       100%        4
 Fulminant Prism          Conj/Hex       0%         3d6       100%        4
 Alistair's Intoxication  Tmut/Pois      0%         N/A       100%        5


Dungeon Overview and Level Annotations

Branches:
Dungeon (10/15)            Temple (0/1) D:4          Bailey (visited)
   Lair: D:8-11         Orc: D:9-12

Altars:
Cheibriados
Hepliaklqana
Makhleb
Ru
Sif Muna
Uskayaw
Vehumet
Xom

Shops:
D:7 [   D:9 [

Annotations:
D:4 exclusion: iron imp
D:5 exclusion: downstairs
D:10 Lodul
Abyss:1 Duvessa, Joseph


Innate Abilities, Weirdness & Mutations

You are surrounded by a mild repulsion field. (EV +2)
A demonic guardian rushes to your aid.
You regenerate a little health from kills.
Your touch may inflict minor irresistible damage on your foes.


Message History

You hit the ogre.
Lodul hits you with a +2 great mace of venom!
You are poisoned.
You hit Lodul but do no damage.
Lodul is heavily wounded.
You slash the ogre!
You feel very sick. The ogre barely misses you.
Lodul hits you but does no damage.
You are more poisoned.
An ogre comes into view. It is wielding a +0 giant club.
You are too injured to fight recklessly!
You are too injured to fight recklessly!
You feel very sick.
You closely miss the ogre.
The ogre is heavily wounded.
You feel very sick.
An acid dragon comes into view.
You are too injured to fight recklessly!
You are too injured to fight recklessly!
The acid dragon roars!
You slice the ogre!!
You kill the ogre!
Lugonu accepts your kill.
You feel very sick.
You barely miss Lodul.
Lodul is moderately wounded.
You feel very sick.
Lodul hits you with a +2 great mace of venom!
* * * LOW HITPOINT WARNING * * *
You are lethally poisoned!
You hit the ogre.
The ogre is lightly wounded.
You slash Lodul!
* * * LOW HITPOINT WARNING * * *
You feel extremely sick. The ogre hits you with a +0 giant club.
* * * LOW HITPOINT WARNING * * *
The ogre attacks as you move away!
The ogre hits you with a +0 giant club!!
You die...

#..........# ..
#####...######## ..
#...#...##.##..# .O
#...#..........# #O
#...#'########## #
#O######............
#.##.#....#............
+##..OO#O...'..........#.
.....DOO@...#............
.#..#.O#)##.#............
.....#.##.#############
...###+#............. .#
.................
+########..###### ..
######..# ..# #.......#
....#.......# .


You could see Lodul, an acid dragon and 5 ogres.

Vanquished Creatures
  A troll (D:9)
  Sigmund (D:2)
  A wraith (D:9)
  3 yaks (D:9)
  A steam dragon (D:9)
  A vampire mosquito (D:6)
  Edmund (D:6)
  A black bear (D:5)
  4 orc warriors
  2 ice beasts (D:6)
  3 sky beasts
  3 ogres (D:10)
  5 centaurs
  2 kobold brigands
  4 scorpions
  3 bullfrogs
  2 necrophages
  Dowan (D:6)
  9 wights
  A howler monkey (D:2)
  A crimson imp (D:6)
  A lava snake (D:9)
  A jelly (D:6)
  3 hounds
  3 orc priests
  3 iguanas
  4 gnoll boudas
  3 orc wizards
  Terence (D:2)
  Robin (D:2)
  24 gnolls
  12 adders
  A shadow imp (D:7)
  2 white imps
  An ufetubus (D:6)
  4 worms (D:2)
  3 dart slugs
  25 orcs
  2 bats (D:2)
  9 endoplasms
  2 giant cockroaches
  13 goblins
  6 hobgoblins
  12 kobolds
  4 quokkas
  13 ball pythons
  8 frilled lizards
  2 goblin zombies (D:4)
  4 rats
217 creatures vanquished.

Vanquished Creatures (collateral kills)
  A scorpion (D:4)
  2 gnolls
3 creatures vanquished.

Vanquished Creatures (others)
  6 orc warriors (Bailey)
6 creatures vanquished.

Grand Total: 226 creatures vanquished

Notes
Turn   | Place    | Note
-------+----------+-------------------------------------------
     0 | Abyss:1  | nightchill the Demonspawn Abyssal Knight began the quest
                  | for the Orb.
     0 | Abyss:1  | Reached XP level 1. HP: 18/18 MP: 2/2
     1 | D:1      | Escaped the Abyss
    22 | D:1      | Found a faded altar of an unknown god.
   328 | D:1      | Reached skill level 2 in Axes
   355 | D:1      | Gained mutation: You are surrounded by a mild repulsion
                  | field. (EV +2) [demonic ancestry]
   355 | D:1      | Reached XP level 2. HP: 24/24 MP: 3/3
  1069 | D:2      | Noticed Sigmund
  1082 | D:2      | Gained mutation: Your touch may inflict minor irresistible
                  | damage on your foes. [demonic ancestry]
  1082 | D:2      | Reached XP level 3. HP: 25/29 MP: 4/4
  1099 | D:2      | Killed Sigmund
  1100 | D:2      | Reached skill level 4 in Axes
  1100 | D:2      | Reached XP level 4. HP: 28/38 MP: 5/5
  1100 | D:2      | Reached XP level 5. HP: 32/43 MP: 6/6
  1154 | D:2      | Reached *** piety under Lugonu
  1188 | D:2      | Noticed Terence
  1195 | D:2      | Killed Terence
  1196 | D:2      | Gained mutation: A weak demonic guardian rushes to your
                  | aid. [demonic ancestry]
  1196 | D:2      | Reached XP level 6. HP: 48/49 MP: 7/7
  1311 | D:2      | Reached skill level 5 in Axes
  1318 | D:2      | Noticed Robin
  1327 | D:2      | Killed Robin
  1943 | D:3      | Found a shimmering blue altar of Sif Muna.
  1967 | D:3      | Reached **** piety under Lugonu
  2110 | D:3      | Found a hide-covered altar of Uskayaw.
  2386 | D:4      | Found a staircase to the Ecumenical Temple.
  2593 | D:4      | Reached skill level 5 in Fighting
  2700 | D:4      | Gained mutation: You regenerate a little health from kills.
                  | [demonic ancestry]
  2700 | D:4      | Reached XP level 7. HP: 54/56 MP: 9/9
  3244 | D:5      | Entered Level 5 of the Dungeon
  3298 | D:5      | Reached skill level 6 in Axes
  3744 | D:5      | Noticed a troll
  3846 | D:5      | Found a hazy altar of Hepliaklqana.
  3885 | D:5      | Banished a troll
  3886 | D:5      | Reached skill level 7 in Axes
  3886 | D:5      | Reached skill level 5 in Invocations
  3886 | D:5      | Reached XP level 8. HP: 64/64 MP: 6/11
  4073 | D:5      | Found a shimmering altar of Xom.
  4074 | D:5      | Found a sacrificial altar of Ru.
  4435 | D:6      | Noticed Edmund
  4516 | D:6      | Killed Edmund
  4664 | D:6      | Noticed Duvessa
  4664 | D:6      | Noticed Dowan
  4677 | D:6      | Killed Dowan
  4684 | D:6      | HP: 2/65 [Duvessa/+2 rapier of protection (6)]
  4685 | D:6      | Banished Duvessa
  4686 | D:6      | Reached skill level 8 in Axes
  4787 | D:6      | Noticed a kobold demonologist
  4797 | D:6      | Banished a kobold demonologist
  4798 | D:6      | Reached XP level 9. HP: 71/71 MP: 0/14
  5820 | D:6      | Found a burning altar of Makhleb.
  5821 | D:6      | Found a radiant altar of Vehumet.
  5857 | D:6      | Reached skill level 9 in Axes
  6444 | D:7      | Found Fraech's Dragon-Slaying Spoils.
  6592 | D:7      | Found a flagged portal.
  6601 | Bailey   | Entered a bailey
  6892 | Bailey   | Corrupted Bailey
  6892 | Bailey   | Noticed a worldbinder
  6892 | Bailey   | Noticed a tormentor
  6892 | Bailey   | Noticed a hell hog
  6892 | Bailey   | Noticed a worldbinder
  6892 | Bailey   | Noticed a balrug
  6892 | Bailey   | Noticed a starcursed mass
  6892 | Bailey   | Noticed a tentacled starspawn
  6894 | Bailey   | Noticed a black mamba
  6895 | Bailey   | Noticed a lich
  6895 | Bailey   | Noticed a naga warrior
  6895 | Bailey   | Noticed a mana viper
  6896 | Bailey   | Noticed a worldbinder
  6896 | Bailey   | Noticed a sun demon
  6897 | Bailey   | Noticed a deep elf zephyrmancer
  6897 | Bailey   | Noticed a deep elf knight
  6898 | Bailey   | Noticed a naga warrior
  6899 | Bailey   | Noticed a wolf spider
  6901 | Bailey   | Noticed a rust devil
  6913 | Bailey   | Noticed a sun demon
  6914 | Bailey   | Noticed a rakshasa
  7363 | D:7      | HP: 3/64 [wight/+2 flail (1)]
  8227 | D:8      | Gained mutation: A demonic guardian rushes to your aid.
                  | [demonic ancestry]
  8227 | D:8      | Reached XP level 10. HP: 80/80 MP: 16/16
  8366 | D:8      | Reached skill level 10 in Axes
  8955 | D:9      | Found Foucam's Antique Armour Shop.
  9726 | D:9      | Found a snail-covered altar of Cheibriados.
  9726 | D:9      | Noticed Joseph
  9732 | D:9      | Banished Joseph
  9742 | D:9      | Reached skill level 11 in Axes
  9742 | D:9      | Reached skill level 10 in Invocations
 10202 | D:10     | Entered Level 10 of the Dungeon
 10275 | D:10     | Noticed Lodul
 10287 | D:10     | Mangled by an ogre

Illustrated notes

Levels and vault maps discovered:
D:1:      lordsloth_arrival_two_stooges, layout_loops_corners,
          basic_ecumenical_altar
D:2:      layout_loops_ring, minmay_between, uniq_robin, uniq_sigmund,
          uniq_terence
D:3:      layout_loops_ring, eat_drink_and_be_merry_uskayaw,
          mainiacjoe_overflow_catwalk
D:4:      layout_cave_pods, minmay_temple_entry_statues_fountains,
          enter_ossuary_4
D:5:      layout_cave_pools, lemuel_tele_altar, nicolae_overflow_squiral,
          minivault_1
D:6:      layout_loops_ring, grunt_temple_overflow_lords_of_destruction,
          minmay_three_doors, uniq_edmund, uniq_duvessa
D:7:      layout_basic, enter_bailey_2, hangedman_glass_teeth,
          nicolae_shop_dragon_depot, dk_noncrumbling_3,
          nicolae_figureground_pulse
D:8:      layout_loops_ring
D:9:      layout_big_octagon, mainiacjoe_overflow_six_doors_small,
          amcnicky_altar_gilded, serial_shops, nicolae_lakefront_shop,
          uniq_joseph
D:10:     layout_stronghold, mainiacjoe_overflow_large_starburst,
          minmay_lizard_king, uniq_snorg, uniq_lodul

Skill      XL: |  1  2  3  4  5  6  7  8  9 10 |
---------------+-------------------------------+-----
Axes           | 2 4 5 7 8 9 11 | 11.1
Fighting       | 4 5 6 8 9 |  9.0
Invocations    | 3 5 6 8 10 | 10.1
Armour         | |  1.7
Dodging        | |  0.8

Action                   |  1- 3 |  4- 6 |  7- 9 | 10-12 || total
-------------------------+-------+-------+-------+-------++-------
Melee: Hand axe          |    99 |   129 |   416 |   120 ||   764
       Touch             |     3 |    31 |    76 |    31 ||   141
       Punch             |       |       |     4 |     3 ||     7
       Battleaxe         |       |       |       |    13 ||    13
Invok: Banish            |       |       |    11 |     2 ||    13
       Bend Space        |       |       |     4 |       ||     4
       Corrupt           |       |       |     1 |       ||     1
  Use: Potion            |     1 |       |     2 |       ||     3
       Scroll            |       |     2 |     6 |     7 ||    15
Armor: Leather armour    |    22 |       |       |       ||    22
       Scale mail        |    12 |    18 |       |       ||    30
       Chain mail        |       |    21 |   112 |       ||   133
       Plate armour      |       |       |    65 |    85 ||   150
Dodge: Dodged            |    68 |    56 |   182 |    37 ||   343
